 Dungeon Crawl Stone Soup version 0.25-a0-356-g7c9d860b3b (webtiles) character file.

Game seed: 6708021600704649173, levelgen mode: classic

195 Borgoz the Chopper (level 5, 0/32 HPs)
             Began as a Gargoyle Gladiator on Jan 3, 2020.
             Killed from afar by an orc wizard (4 damage)
             ... with a puff of flame
             ... on level 3 of the Dungeon.
             The game lasted 00:04:41 (3579 turns).

Borgoz the Chopper (Gargoyle Gladiator)             Turns: 3579, Time: 00:04:42

Health: 0/32       AC: 11    Str: 18    XL:     5   Next: 74%
Magic:  0/5        EV: 11    Int:  9    God:
Gold:   128        SH:  0    Dex: 11    Spells: 4/4 levels left

rFire    . . .     SeeInvis .   a - +0 war axe
rCold    . . .     Gourm    .   (no shield)
rNeg     + . .     Faith    .   q - +0 ring mail
rPois    ∞         Spirit   +   c - +1 helmet
rElec    +         Reflect  .   l - scarf {Spirit}
rCorr    .         Harm     .   (no gloves)
MR       .....                  (no boots)
Stlth    +.........             k - amulet of inaccuracy (curse)
HPRegen  0.10/turn              (no ring)
MPRegen  0.09/turn              (no ring)

@: no status effects
A: negative energy resistance 1, electricity resistance, unbreathing,
petrification resistance, rot immunity, AC +4
a: no special abilities


You were on level 3 of the Dungeon.
You were not hungry.

You visited 1 branch of the dungeon, and saw 3 of its levels.

You collected 128 gold pieces.

Inventory:

Hand Weapons
 a - a +0 war axe (weapon)
Missiles
 d - 2 throwing nets (quivered)
Armour
 c - a +1 helmet (worn)
 l - a scarf of spirit shield (worn)
 q - a +0 ring mail (worn)
Jewellery
 k - a cursed amulet of inaccuracy (around neck)
 r - an uncursed amulet of rage {unknown}
Wands
 p - a wand of digging (5)
Scrolls
 e - a scroll of enchant weapon
 j - a scroll of amnesia
 s - a scroll of magic mapping
Potions
 b - 2 potions of haste
 g - 3 potions of brilliance
 h - 2 potions of flight
 m - a potion of curing {unknown}
 n - 2 potions of heal wounds {unknown}
 o - a potion of cancellation
Comestibles
 f - 4 rations


   Skills:
 + Level 3.6 Fighting
 * Level 4.4 Axes
 - Level 1.7 Throwing
 + Level 2.7 Armour
 - Level 2.4 Dodging


You had 4 spell levels left.
You didn't know any spells.
Your spell library was empty.

Dungeon Overview and Level Annotations

Branches:
Dungeon (3/15)

Altars:
Dithmenos
Xom
Yredelemnul
Zin


Innate Abilities, Weirdness & Mutations

You are resistant to torment.
Your stone body is resilient. (AC +4)
You are immune to poison.
You resist negative energy. (rN+)
You are resistant to electric shocks. (rElec)
You can survive without breathing.
You are immune to petrification.
You are immune to rotting.


Message History

The magic dart hits you.
* * * LOW HITPOINT WARNING * * *
You miss something.
You hear some strange, mumbled words.
A puff of flame appears from out of thin air!
The puff of flame misses you. Something hits you but does no damage.
You miss something. Something hits you but does no damage.
You miss something. Something hits you.
* * * LOW HITPOINT WARNING * * *
You miss something. Something hits you but does no damage.
You miss something. Something hits you.
You hear some strange, mumbled words.
A puff of flame appears from out of thin air!
The puff of flame hits you.
* * * LOW HITPOINT WARNING * * *
You miss something.
You hear some strange, mumbled words.
A puff of flame appears from out of thin air!
The puff of flame hits you.
You die...

##.## #.###...###.# #.# #.#
#......#.##.# #.# #.#
#####.......# #.# ##.# ##.######
####.### #..# #.# #......#
####.## #.# #.##.#.#
#....#♣##### ##'## #.......
#.####.#♣..###...## ##.#.### #.#
#..#88.##.)@..#* ##.#.# # #.#
#..#P..♣#.){...#* ##..#.# # #.#
#....._.#.......####....[###
#.###..#PPP.#.......'....)......
#.##...#8.8##.......####...#####
#.##...#♣.♣#.......## ##.......
#...[..######.....## #.######
#......#######..%########.#
####...#...# *#+##......#.#


There were no monsters in sight!

Vanquished Creatures
  A crimson imp (D:3)
  4 gnolls
  6 adders
  An ooze (D:2)
  2 worms (D:3)
  A dart slug (D:1)
  2 leopard geckos
  6 orcs (D:3)
  3 giant cockroaches
  4 goblins
  2 hobgoblins
  3 jackals (D:1)
  6 kobolds
  A quokka (D:3)
  3 bats
  4 frilled lizards
  8 rats
57 creatures vanquished.

Notes
Turn   | Place    | Note
-------+----------+-------------------------------------------
     0 | D:1      | Borgoz the Gargoyle Gladiator began the quest for the Orb.
     0 | D:1      | Reached XP level 1. HP: 12/12 MP: 1/1
   515 | D:1      | Reached skill level 3 in Axes
   515 | D:1      | Reached XP level 2. HP: 18/18 MP: 2/2
  1054 | D:1      | Reached skill level 1 in Armour
  1328 | D:2      | Reached XP level 3. HP: 22/22 MP: 3/3
  1359 | D:2      | Found a basalt altar of Yredelemnul.
  2189 | D:2      | Reached XP level 4. HP: 12/28 MP: 4/4
  2616 | D:3      | Noticed an angel
  2618 | D:3      | Found a glowing silver altar of Zin.
  2618 | D:3      | Found a shimmering altar of Xom.
  2703 | D:3      | Reached skill level 4 in Axes
  2708 | D:3      | Reached XP level 5. HP: 17/32 MP: 5/5
  3292 | D:3      | Found a shadowy altar of Dithmenos.
  3485 | D:3      | Found a faded altar of an unknown god.
  3579 | D:3      | Killed from afar by an orc wizard

Levels and vault maps discovered:
D:1:      saegor_arrival_under_anarchy, layout_basic
D:2:      layout_basic, yredelemnul_altar_generic
D:3:      layout_loops_corners, grunt_temple_overflow_order_and_chaos_1,
          marbit_many_paths, chequers_ecumenical_altar_lobes

Skill      XL: |  1  2  3  4 |
---------------+-------------+-----
Axes           | 3 4 |  4.4
Armour         | 1 2 |  2.7
Fighting       | 3 |  3.6
Throwing       | |  1.7
Dodging        | |  2.4

Action                   |  1- 3 |  4- 6 || total
-------------------------+-------+-------++-------
Melee: War axe           |   141 |   274 ||   415
Throw: Throwing net      |     1 |       ||     1
  Use: Scroll            |    10 |     3 ||    13
       Potion            |     1 |       ||     1
  Eat: Chunk             |     4 |     5 ||     9
Armor: Leather armour    |    24 |       ||    24
       Chain mail        |    69 |   120 ||   189
       Skin              |    12 |       ||    12
       Ring mail         |       |    65 ||    65
Dodge: Dodged            |    76 |   161 ||   237

Table legend:
 A = Non-vault XP
 B = Vault XP
 C = Vault XP percentage of total XP
 D = Non-vault monster count
 E = Vault monster count
 F = Vault count percentage of total count
                 A         B        C        D         E       F
            +---------+---------+-------+---------+---------+-------
      Total |     276 |       3 |   1.1 |      56 |       1 |   1.8
            +---------+---------+-------+---------+---------+-------
        D:1 |      28 |       0 |   0.0 |      15 |       0 |   0.0
        D:2 |      91 |       0 |   0.0 |      17 |       0 |   0.0
        D:3 |     157 |       3 |   1.9 |      24 |       1 |   4.0
            +---------+---------+-------+---------+---------+-------
